 Dungeon Sprint DCSS version 0.20-a0-548-g4f8a798 (webtiles) character file.

151 dvd the Cudgeler (level 5, -4/57 HPs)
             Began as a Troll Berserker on Feb 1, 2017.
             Was an Elder of Trog.
             Killed from afar by a deep elf mage (13 damage)
             ... with a lance of force
             ... in the Dungeon (Sprint III: "The Ten Rune Challenge").
             The game lasted 00:01:33 (261 turns).

dvd the Cudgeler (Troll Berserker)                   Turns: 261, Time: 00:01:34

Health: -4/57      AC:  5    Str: 25    XL:     5   Next: 10%
Magic:  4/4        EV: 12    Int:  3    God:    Trog [****..]
Gold:   28         SH:  0    Dex: 10    Spells: 4/4 levels left

rFire    . . .     SeeInvis .   a - +0 mace
rCold    . . .     Gourm    +   b - +0 animal skin
rNeg     . . .     Faith    .   (no shield)
rPois    .         Spirit   .   (helmet restricted)
rElec    .         Reflect  .   (no cloak)
rCorr    .         Harm     .   (gloves unavailable)
MR       .....     NoTele   +   (boots unavailable)
Stlth    +.........             (no amulet)
Regen    0.6/turn               (no ring)
                                (no ring)

@: no status effects
A: unfitting armour, claws 3, fast metabolism 3, gourmand, regeneration 1,
shaggy fur 1, tough skin 2
a: Berserk, Trog's Hand, Brothers in Arms, Burn Spellbooks, Renounce Religion


You were in the Dungeon.
You worshipped Trog.
Trog was greatly pleased with you.
You were hungry.

You visited 1 branch You collected 28 gold pieces.

Inventory:

Hand Weapons
 a - a +0 mace (weapon)
Missiles
 j - 36 stones (quivered)
Armour
 b - a +0 animal skin (worn)
Scrolls
 i - a scroll of blinking
 l - 2 scrolls of immolation {unknown}
 m - a scroll of enchant armour {unknown}
 n - 2 scrolls of remove curse {unknown}
 r - a scroll of recharging {unknown}
Potions
 d - a potion of curing
 e - a potion of heal wounds
 f - a potion of haste
 g - 2 potions of magic
 h - a potion of berserk rage
 p - a potion of cure mutation
 q - 3 potions of flight
Comestibles
 c - 2 bread rations
 o - a meat ration
 s - a royal jelly


   Skills:
 + Level 5.4 Fighting
 + Level 6.0 Maces & Flails
 + Level 5.5 Dodging
 + Level 0.2 Stealth


You had 4 spell levels left.
You didn't know any spells.

Dungeon Overview and Level Annotations

Branches:
Dungeon (1/1)

Altars:
Elyvilon
Kikubaaqudgha
Sif Muna
Vehumet
Zin
The Shining One


Innate Abilities, Weirdness & Mutations

You are too large for most types of armour.
You have claws for hands.
Your metabolism is lightning-fast.
You like to eat raw meat.
Your natural rate of healing is unusually fast.
You are covered in fur. (AC +1)
You have very tough skin. (AC +2)


Message History

You feel less exhausted.
The deep elf mage gestures wildly while chanting.
The deep elf mage conjures a globe of magical energy!
A battlesphere comes into view.
You hit the deep elf mage.
The deep elf mage is lightly wounded.
The deep elf mage hits you with a long sword of holy wrath.
You miss the deep elf mage.
The deep elf mage is lightly wounded.
The deep elf mage hits you with a long sword of holy wrath!
* * * LOW HITPOINT WARNING * * *
You sock the deep elf mage!
The deep elf mage is heavily wounded.
The deep elf mage hits you with a long sword of holy wrath.
* * * LOW HITPOINT WARNING * * *
You closely miss the deep elf mage.
The deep elf mage is heavily wounded.
The deep elf mage casts a spell at you. The lance of force hits you!
You die...

▓▓▓▓▓ ▓▓▓ #...####
##.#####
#......#####..#___#
#.......#..#..#e@.#
##.##...#..#..###'#+###+#
##.###..##'#..#..........
###.##..###...'.⌠........
#..##..####...#...######+
...##..###....#.⌠.#
..##...##.....#...#
.##....#......#)###
###..##.#.....#...#


You could see a deep elf mage.

Vanquished Creatures
  A water elemental (D)
  A wizard (D)
  A kobold demonologist (D)
  A human (D)
  A wolf (D)
  2 oozes (D)
  2 rats (D)
9 creatures vanquished.

Vanquished Creatures (others)
  2 draconian scorchers (D)
  6 hellions (D)
  A yaktaur (D)
9 creatures vanquished.

Grand Total: 18 creatures vanquished

Notes
Turn   | Place    | Note
-------+----------+-------------------------------------------
     0 | D        | dvd the Troll Berserker began the quest for the Orb.
     0 | D        | Reached XP level 1. HP: 22/22 MP: 0/0
    10 | D        | Reached skill level 3 in Maces & Flails
    16 | D        | Reached XP level 2. HP: 15/31 MP: 1/1
    67 | D        | Reached ** piety under Trog
    90 | D        | Killed a hellion
    99 | D        | Reached skill level 4 in Maces & Flails
   106 | D        | Killed a hellion
   108 | D        | Reached XP level 3. HP: 39/39 MP: 2/2
   116 | D        | Killed a hellion
   116 | D        | Killed a hellion
   116 | D        | Killed a hellion
   117 | D        | Killed a hellion
   124 | D        | Killed a white draconian scorcher
   141 | D        | Killed a white draconian scorcher
   167 | D        | Gained mutation: You are frail. (-10% HP) [potion of mutation]
   167 | D        | Gained mutation: You are dopey. (Int -2) [potion of mutation]
   167 | D        | Gained mutation: You have sharp toenails. [potion of mutation]
   168 | D        | Lost mutation: You are frail. (-10% HP) [potion of mutation]
   168 | D        | Gained mutation: Scrolls take you a little longer to read. [potion of mutation]
   169 | D        | Lost mutation: You have sharp toenails. [potion of cure mutation]
   169 | D        | Lost mutation: Scrolls take you a little longer to read. [potion of cure mutation]
   169 | D        | Lost mutation: You are dopey. (Int -2) [potion of cure mutation]
   174 | D        | Noticed a water elemental
   179 | D        | Killed a water elemental
   179 | D        | Reached *** piety under Trog
   179 | D        | Reached skill level 5 in Maces & Flails
   179 | D        | Reached skill level 5 in Dodging
   179 | D        | Reached XP level 4. HP: 49/49 MP: 3/3
   219 | D        | Killed a yaktaur
   220 | D        | Found a radiant altar of Vehumet.
   220 | D        | Found a deep blue altar of Sif Muna.
   220 | D        | Found an ancient bone altar of Kikubaaqudgha.
   220 | D        | Noticed a wizard
   223 | D        | Killed a wizard
   223 | D        | Reached skill level 5 in Fighting
   228 | D        | Reached skill level 6 in Maces & Flails
   228 | D        | Reached XP level 5. HP: 57/57 MP: 4/4
   235 | D        | Reached **** piety under Trog
   253 | D        | Found a glowing silver altar of Zin.
   253 | D        | Found a glowing golden altar of the Shining One.
   253 | D        | Found a white marble altar of Elyvilon.
   254 | D        | Noticed a deep elf mage
   261 | D        | Killed from afar by a deep elf mage

Vault maps used:
D:        dungeon_sprint_mu

Skill      XL: |  1  2  3  4 |
---------------+-------------+-----
Maces & Flails | 3 4 5 6 |  6.0
Fighting       | 3 4 5 |  5.4
Dodging        | 3 4 5 |  5.5
Stealth        | |  0.2

Action                   |  1- 3 |  4- 6 || total
-------------------------+-------+-------++-------
Melee: Mace              |    32 |    12 ||    44
Invok: Berserk           |     2 |     1 ||     3
       Burn Spellbooks   |       |     1 ||     1
  Use: Potion            |     3 |       ||     3
  Eat: Chunk             |     2 |       ||     2
Armor: Animal skin       |     8 |     2 ||    10
Dodge: Dodged            |    19 |       ||    19
